 Dungeon Crawl Stone Soup version 0.27-a0-760-gc38aae387d (webtiles) character file.

Game seed: 8249002009733144507

168903 wakim the Thaumaturge (level 17, -2/120 HPs)
             Began as a Djinni Venom Mage on Mar 25, 2021.
             Was the Champion of Makhleb.
             Shot with a bolt by a yaktaur captain (38 damage)
             ... on level 15 of the Dungeon.
             The game lasted 02:15:11 (32948 turns).

wakim the Thaumaturge (Djinni Venom Mage)          Turns: 32948, Time: 02:15:11

Health: -2/120     AC: 11    Str: 19    XL:     17   Next: 95%
Gold:   2198       EV: 16    Int: 24    God:    Makhleb [******] SH: 14 Dex: 13

rFire    + + +     SeeInvis +   a - +9 long sword "Tecifon" {vorpal, Str+10 Int-3}
rCold    . . .     Faith    .   v - +2 kite shield
rNeg     . . .     Spirit   .   t - +0 acid dragon scales
rPois    ∞         Reflect  .   G - +0 helmet
rElec    +         Harm     .   k - +0 cloak {Will+}
rCorr    +         Rampage  .   f - +0 pair of gloves
Will     ++...     Rnd*Rage +   (boots unavailable)
Stlth    +.........             c - amulet of Amnoaw {rElec rF+ Regen+}
HPRegen  1.30/turn              o - ring of the Slug {rC+ Int+6 Dex-4 Slay+3}
MPRegen  0.00/turn              n - ring of Honesty {+Inv rCorr Str+2 SInv}

@: radiating poison, flying
A: fire resistance 2, cold vulnerability 1, float, innate caster, hp casting,
extra vitality 1, berserk 1
a: Renounce Religion, Evoke Invisibility, Minor Destruction, Lesser Servant of
Makhleb, Major Destruction, Greater Servant of Makhleb


You were on level 15 of the Dungeon.
You worshipped Makhleb.
Makhleb was exalted by your worship.
You visited 4 branches of the dungeon, and saw 24 of its levels.
You also visited: Trove, Ice Cave and Volcano.

You collected 3425 gold pieces.
You spent 1227 gold pieces at shops.

Inventory:

Hand Weapons
 a - the +9 long sword "Tecifon" (weapon) {vorpal, Str+10 Int-3}
   (You bought it in a shop on level 7 of the Dungeon)

   It inflicts extra damage upon your enemies.
   It affects your strength (+10).
   It affects your intelligence (-3).
 b - a +0 hand crossbow
 x - a +2 double sword of holy wrath
Missiles
 u - 343 bolts
 w - 7 silver javelins
 L - 3 throwing nets
Armour
 f - a +0 pair of gloves (worn)
 k - a +0 cloak of willpower (worn)
 t - +0 acid dragon scales (worn)
 v - a +2 kite shield (worn)
 A - a scarf of resistance
 G - a +0 helmet (worn)
Jewellery
 c - the amulet of Amnoaw (around neck) {rElec rF+ Regen+}
   (You found it in a treasure trove)

   [amulet of regeneration]

   It protects you from fire.
   It insulates you from electricity.
   It increases your rate of regeneration.
 g - the ring of Zyozu {rCorr Str+4 Int+4 Dex-3 Slay+6}
   (You found it on level 4 of the Lair of Beasts)

   [ring of resist corrosion]

   It affects your strength (+4).
   It affects your intelligence (+4).
   It affects your dexterity (-3).
   It affects your accuracy and damage with ranged weapons and melee attacks
   (+6).
   It provides partial protection from all sources of acid and corrosion.
 l - the ring of Zibedev {rElec rN+ Will+ Str+2}
   (You bought it in a shop on level 1 of the Orcish Mines)

   [ring of positive energy]

   It affects your strength (+2).
   It insulates you from electricity.
   It protects you from negative energy.
   It affects your willpower, your defense against some magical effects.
 n - the ring of Honesty (left hand) {+Inv rCorr Str+2 SInv}
   (You found it in a treasure trove)

   [ring of resist corrosion]

   It affects your strength (+2).
   It lets you see invisible.
   It lets you turn invisible.
   It provides partial protection from all sources of acid and corrosion.
 o - the ring of the Slug (right hand) {rC+ Int+6 Dex-4 Slay+3}
   (You found it in a treasure trove)

   [ring of intelligence]

   It affects your intelligence (+6).
   It affects your dexterity (-4).
   It affects your accuracy and damage with ranged weapons and melee attacks
   (+3).
   It protects you from cold.
 r - an amulet of the acrobat
 s - the amulet of the Prince {Faith Dex+2}
   (You found it in a treasure trove)

   [amulet of faith]

   It allows you to gain divine favour quickly.
   It affects your dexterity (+2).
 P - a +4 ring of slaying
 Q - a ring of willpower
 S - the ring "Yxtam" {rN+ Str+6}
   (You found it in a treasure trove)

   [ring of strength]

   It affects your strength (+6).
   It protects you from negative energy.
 V - a ring of protection from cold
Wands
 d - a wand of digging (3)
 e - a wand of charming (8)
 h - a wand of acid (7)
 i - a wand of iceblast (17)
 j - a wand of polymorph (22)
 p - a wand of paralysis (11)
 y - a wand of mindburst (6)
Scrolls
 q - 5 scrolls of enchant armour
 z - 2 scrolls of brand weapon
 D - 2 scrolls of blinking
 E - 5 scrolls of fear
 F - 3 scrolls of fog
 K - 4 scrolls of immolation
 O - a scroll of silence
 W - 3 scrolls of holy word
 X - a scroll of magic mapping {@r4}
 Y - 12 scrolls of teleportation {@r3}
Potions
 B - 4 potions of brilliance
 C - a potion of cancellation
 H - 2 potions of haste
 I - 3 potions of invisibility
 J - 4 potions of curing {@q1}
 M - 8 potions of might
 N - 5 potions of heal wounds {@q2}
 R - 2 potions of resistance
 T - 6 potions of berserk rage
 U - 4 potions of mutation
Miscellaneous
 m - a phantom mirror


   Skills:
 + Level 10.7 Fighting
 * Level 12.0 Long Blades
 - Level 6.0 Armour
 + Level 11.7 Dodging
 - Level 1.5 Stealth
 + Level 12.0 Shields
 * Level 14.8 Spellcasting
 - Level 7.9 Invocations


You had one spell level left.
You knew the following spells:

 Your Spells              Type           Power      Damage    Failure   Level
a - Sting                 Tmut/Pois      100%       1d8       0%          1
b - Slow                  Hex            73%        N/A       1%          2
c - Vampiric Draining     Necr           36%        2d11      1%          3
d - Mephitic Cloud        Conj/Pois/Air  73%        N/A       1%          3
e - Yara's Violent Unrav  Hex/Tmut       36%        3d15      1%          5
f - Conjure Ball Lightni  Conj/Air       36%        3x3d12    1%          6
g - Ignite Poison         Fire/Tmut/Pois 73%        N/A       1%          3
m - Hydra Form            Tmut           36%        N/A       1%          6
n - Apportation           Tloc           100%       N/A       0%          1
p - Dazzling Flash        Conj/Hex       100%       N/A       1%          3
s - Poisonous Vapours     Pois/Air       100%       N/A       1%          2
w - Olgreb's Toxic Radia  Pois           73%        N/A       1%          4
y - Irradiate             Conj/Tmut      36%        3d25      1%          5
Your spell library was empty.

Dungeon Overview and Level Annotations

Branches:
Dungeon (15/15)            Temple (1/1) D:6            Lair (6/6) D:11
 Shoals (0/4) Lair:3        Snake (0/4) Lair:4        Slime (0/5) Lair:6
    Orc (2/2) D:12            Elf (0/3) Orc:2        Vaults (0/5) D:13
  IceCv (visited)         Volcano (visited)
 Depths: D:15

Altars:
Ashenzari
Cheibriados
Elyvilon
Fedhas
Hepliaklqana
Makhleb
Nemelex Xobeh
Okawaru
Qazlal
Sif Muna
Trog
Vehumet
Wu Jian
Yredelemnul
Zin
Beogh
Jiyva

Shops:
D:7 (   D:9 ?   Orc:1 =   Orc:2 !!=(

Portals:
Abyss: D:14
Pandemonium: Orc:2

Annotations:
D:14 1 transporter, nago's ghost, journeyman DjIE
Lair:2 3 runed translucent doors, adept's ghost, journeyman DjCj


Innate Abilities, Weirdness & Mutations

You are immune to poison.
Your flesh is very heat resistant. (rF++)
You are vulnerable to cold. (rC-)
You float through the air rather than walking.
You learn spells naturally, not from books.
Your magical power is your life essence.
You have superior vitality. (+4 HP)
You tend to lose your temper in combat.


Message History

The blast of lightning engulfs you! You resist.
The blast of lightning engulfs your ball lightning.
Your ball lightning completely resists.
The blast of lightning engulfs the ogre mage!!
You kill the ogre mage!
You feel better.
There are monsters nearby!
Unknown command.
There are monsters nearby!
Your ball lightning explodes!
The blast of lightning engulfs your ball lightning.
Your ball lightning completely resists.
The blast of lightning engulfs you. You resist.
A yaktaur captain comes into view.
A spriggan comes into view.
You hear a bark!
You hear two shouts!
A centaur warrior comes into view.
The centaur warrior shouts!
The spriggan changes into a manticore!
The yaktaur captain wields a +0 arbalest.
The yaktaur captain shoots a bolt.
The bolt hits you!!
You are too injured to fight recklessly!
Unknown command.
Casting: Conjure Ball Lightning (dangerous; 1% risk of failure)
Confirm with . or Enter, or press ? or * to list all spells.
You begin to radiate toxic energy.
The manticore is poisoned.
The yaktaur captain is poisoned.
The centaur warrior is poisoned.
A two-headed ogre comes into view.
It is wielding a +0 giant club and a +0 giant spiked club.
The yaktaur captain shoots a bolt.
The bolt hits you!!
* * * LOW HITPOINT WARNING * * *
The centaur warrior wields a +0 shortbow.
The centaur warrior shoots an arrow.
The arrow hits you!
* * * LOW HITPOINT WARNING * * *
Casting: Olgreb's Toxic Radiance (safe; 1% risk of failure)
Confirm with . or Enter, or press ? or * to list all spells.
Your toxic radiance grows in intensity.
The two-headed ogre is poisoned.
The centaur warrior looks even sicker.
* * * LOW HITPOINT WARNING * * *
The manticore looks even sicker.
The centaur warrior looks even sicker.
The yaktaur captain shoots a bolt.
The bolt hits you!!!
You die...

......##.##.........#
.####.##.##.........
.. #...............
## #####.#.....##
###.......###
#...........##
#.##.........#
#.#...##)....# .
#.####..@..# .# #.
#....## u< .. +....#
.. ### #....# #..c.#
#....H ##.Oc.# #....#


You could see a yaktaur captain (poisoned), a centaur warrior (very poisoned), a
two-headed ogre (poisoned) and a manticore shaped shifter (very poisoned).

Vanquished Creatures
  An orc warlord (Orc:1)
  A stone giant (Volcano)
  A vault guard (D:13)
  Fannar (D:10)
  3 ice dragons
  The ghost of t4s4d4r the Spear-Bearer, a journeyman MfGl of Dithmenos (D:10)
  13 hydras
  5 boulder beetles
  Harold (Lair:1)
  A death knight (D:13)
  An ogre mage (D:15)
  2 catoblepae
  5 centaur warriors
  The ghost of alindkvist118 the Thaumaturge, a journeyman OpVM of Hepliaklqana (D:11)
  A death yak (Lair:2)
  7 orc high priests
  5 two-headed ogres
  A sun demon (Orc:2)
  A soul eater (Orc:2)
  The ghost of semitonal the Purifying Dwarf, a novice DDAr of Elyvilon (D:7)
  A fire crab (shapeshifter) (D:15)
  5 skeletal warriors (D:14)
  2 torturous demonspawn (Orc:2)
  2 phantasmal warriors
  3 lindwurms
  9 orc knights
  2 deep elf pyromancers
  2 wizards
  A gelid demonspawn (Orc:2)
  Pikel (D:8)
  An oklob plant (Lair:4)
  4 cyclopes
  2 manticores
  7 orc sorcerers
  20 ugly things
  A merfolk siren (Lair:3)
  5 black mambas
  16 elephants
  2 molten gargoyles
  2 ice statues (IceCv)
  Maggie (D:8)
  A rust devil (Orc:2)
  A gargoyle (Volcano)
  Psyche (D:8)
  2 kobold demonologists (D:9)
  6 torpor snails
  20 cane toads
  9 rime drakes
  A komodo dragon (shapeshifter) (D:13)
  10 komodo dragons
  A hellwing (Orc:2)
  4 yaktaurs (D:15)
  A freezing wraith (D:13)
  2 efreet
  An ice devil (Orc:2)
  6 trolls
  3 tyrant leeches (Lair:6)
  6 meliai
  6 polar bears
  Grinder (D:4)
  6 hornets (Lair:6)
  5 slime creatures
  A raiju (shapeshifter) (D:13)
  11 blink frogs
  13 dream sheep
  A centaur simulacrum (D:15)
  13 wyverns
  A shadow (D:11)
  A vampire (D:12)
  4 fire elementals (Volcano)
  11 basilisks
  7 wraiths
  61 yaks
  11 fire bats
  8 vampire mosquitoes
  A chaos spawn (Orc:2)
  Eustachio (D:4)
  4 soldier ants
  4 wargs
  2 nagas (Lair:4)
  An acid dragon (Orc:1)
  21 water moccasins
  A hell hound (Lair:5)
  2 sky beasts (D:7)
  29 orc warriors
  14 ice beasts (IceCv)
  The ghost of viperstalker the Skirmisher, an amateur PaFi (D:3)
  A necrophage (D:4)
  4 ogres
  8 wolves
  6 centaurs
  2 lemures (D:8)
  13 bullfrogs
  6 kobold brigands
  A gnoll sergeant (D:8)
  A water moccasin zombie (D:5)
  2 scorpions (D:4)
  A water moccasin skeleton (D:5)
  12 killer bees
  13 wights
  A howler monkey (D:11)
  An electric eel (Lair:6)
  6 lava snakes (Volcano)
  6 centaur zombies
  A bullfrog zombie (D:6)
  34 orc priests
  Crazy Yiuf (D:4)
  2 bullfrog skeletons
  A gnoll shaman (D:5)
  A centaur skeleton (D:7)
  An iguana (D:5)
  17 orc wizards
  8 worker ants
  7 hell rats (Lair:5)
  A killer bee zombie (D:7)
  A hound skeleton (D:4)
  A mummy (D:7)
  A howler monkey zombie (D:8)
  Robin (D:4)
  A howler monkey skeleton (D:4)
  13 gnolls
  2 river rats (Lair:2)
  10 adders
  13 white imps
  An ufetubus (D:5)
  2 worms
  4 dart slugs
  82 orcs
  6 endoplasms
  2 giant cockroaches (D:2)
  14 goblins
  6 hobgoblins
  2 jackals
  20 kobolds
  3 quokkas
  7 ball pythons
  4 bats
  5 frilled lizards
  A hobgoblin zombie (D:7)
  3 orc zombies (D:7)
  6 rats
  A butterfly (Lair:5)
829 creatures vanquished.

Vanquished Creatures (collateral kills)
  A water moccasin (Lair:3)
1 creature vanquished.

Vanquished Creatures (others)
  A ball python (D:3)
  59 ball lightnings
  A fire vortex (Orc:1)
  22 fungi
  26 plants
109 creatures vanquished.

Grand Total: 939 creatures vanquished

Notes
Turn   | Place    | Note
-------+----------+-------------------------------------------
     0 | D:1      | wakim the Djinni Venom Mage began the quest for the Orb.
     0 | D:1      | Reached XP level 1. HP: 15/15 MP: 0/0
   184 | D:1      | Reached skill level 3 in Spellcasting
   184 | D:1      | Reached XP level 2. HP: 11/21 MP: 0/0
  1077 | D:1      | Reached XP level 3. HP: 21/25 MP: 0/0
  1077 | D:1      | Learned a level 1 spell: Apportation
  1576 | D:2      | Reached skill level 4 in Spellcasting
  1821 | D:2      | Reached XP level 4. HP: 26/31 MP: 0/0
  3391 | D:3      | Reached skill level 5 in Spellcasting
  3391 | D:3      | Reached XP level 5. HP: 27/35 MP: 0/0
  3391 | D:3      | Learned a level 2 spell: Slow
  3926 | D:3      | Identified the +3 short sword "Wotu" {pain, Str+4}
  3926 | D:3      | Noticed a kobold brigand
  3927 | D:3      | Found a runed translucent gate.
  3929 | D:3      | Found a runed translucent gate.
  3930 | D:3      | Found a runed translucent gate.
  3931 | D:3      | Noticed viperstalker's ghost (amateur PaFi)
  4180 | D:3      | Reached XP level 6. HP: 33/40 MP: 0/0
  4234 | D:3      | Found an iron altar of Okawaru.
  4938 | D:4      | Noticed Eustachio
  4943 | D:4      | Killed Eustachio
  4944 | D:4      | Reached skill level 1 in Fighting
  4981 | D:4      | Reached skill level 6 in Spellcasting
  5190 | D:4      | Found a hazy altar of Hepliaklqana.
  5198 | D:4      | Noticed Grinder
  5203 | D:4      | Noticed Robin
  5571 | D:4      | Reached XP level 7. HP: 42/48 MP: 0/0
  5571 | D:4      | Learned a level 3 spell: Vampiric Draining
  5620 | D:4      | Found a runed translucent door.
  5621 | D:4      | Noticed Crazy Yiuf
  5630 | D:4      | Killed Crazy Yiuf
  5801 | D:4      | Killed Robin
  5877 | D:4      | Paralysed by Grinder for 3 turns
  6107 | D:5      | Entered Level 5 of the Dungeon
  7128 | D:4      | Killed Grinder
  8168 | D:4      | Reached XP level 8. HP: 35/55 MP: 0/0
  8300 | D:4      | Reached skill level 7 in Spellcasting
  8792 | D:5      | Found a broken altar of Ashenzari.
  9627 | D:6      | Reached skill level 5 in Dodging
 10025 | D:6      | Found a staircase to the Ecumenical Temple.
 10037 | Temple   | Entered the Ecumenical Temple
 10061 | Temple   | Became a worshipper of Makhleb the Destroyer
 10496 | D:6      | Found a snail-covered altar of Cheibriados.
 11165 | D:7      | Reached skill level 1 in Invocations
 11199 | D:7      | Reached XP level 9. HP: 48/63 MP: 0/0
 11199 | D:7      | Learned a level 3 spell: Dazzling Flash
 11272 | D:7      | Found a runed translucent door.
 11272 | D:7      | Noticed semitonal's ghost (novice DDAr)
 11315 | D:7      | Reached skill level 8 in Spellcasting
 11616 | D:7      | Found Ohyukk's Antique Weapon Emporium.
 11623 | D:7      | Bought a transparent long sword for 238 gold pieces
 11623 | D:7      | Identified the +9 long sword "Tecifon" {vorpal, Str+10
                  | Int-3} (You bought it in a shop on level 7 of the Dungeon)
 11931 | D:3      | Reached * piety under Makhleb
 11938 | D:3      | Killed viperstalker's ghost
 11939 | D:3      | Reached skill level 1 in Long Blades
 12192 | D:8      | HP: 3/64 [orc priest/divine providence (15)]
 12652 | D:8      | Found the +9 staff of Olgreb {rPois∞}
 12655 | D:8      | Found a runed translucent door.
 12673 | D:8      | Reached skill level 5 in Fighting
 12779 | D:8      | Noticed Maggie
 12782 | D:8      | Killed Maggie
 12878 | D:8      | Noticed Psyche
 12882 | D:8      | Killed Psyche
 12883 | D:8      | Reached skill level 1 in Shields
 13000 | D:8      | Reached XP level 10. HP: 70/70 MP: 0/0
 13019 | D:8      | Reached ** piety under Makhleb
 13029 | D:8      | Found a runed translucent door.
 13049 | D:8      | Found a runed translucent gate.
 13050 | D:8      | Found a runed translucent gate.
 13056 | D:8      | Found a runed translucent gate.
 13183 | D:8      | Noticed Pikel
 13186 | D:8      | Killed Pikel
 13187 | D:8      | Reached skill level 9 in Spellcasting
 13570 | D:7      | Reached skill level 5 in Long Blades
 13708 | D:8      | Reached skill level 5 in Shields
 13829 | D:9      | Noticed a centaur warrior
 13837 | D:9      | Killed a centaur warrior
 13911 | D:9      | Reached *** piety under Makhleb
 13979 | D:9      | Found Paodoytu's Magic Scroll Shop.
 14273 | D:9      | Noticed a kobold demonologist
 14275 | D:9      | Noticed a kobold demonologist
 14277 | D:9      | Killed a kobold demonologist
 14278 | D:9      | Reached XP level 11. HP: 75/76 MP: 0/0
 14278 | D:9      | Learned a level 5 spell: Irradiate
 14543 | D:9      | Bought 2 scrolls of identify for 52 gold pieces
 14543 | D:9      | Bought a scroll of identify for 26 gold pieces
 14543 | D:9      | Bought a scroll of identify for 26 gold pieces
 14656 | D:9      | Identified the +8 spear of Eternal Vigilance {flame, *Slow
                  | rElec rF++ Stlth-}
 14698 | D:10     | Entered Level 10 of the Dungeon
 14711 | D:10     | Noticed a two-headed ogre
 14723 | D:10     | Killed a two-headed ogre
 14758 | D:9      | Reached skill level 10 in Spellcasting
 14913 | D:10     | Identified the +1 leather armour of Kemyel {Int+4 Dex-5
                  | Slay+3}
 14920 | D:10     | Noticed Fannar
 14923 | D:10     | Killed Fannar
 15183 | D:10     | Noticed a two-headed ogre
 15186 | D:10     | Killed a two-headed ogre
 15211 | D:10     | Reached skill level 11 in Spellcasting
 15224 | D:10     | Found a runed translucent gate.
 15225 | D:10     | Found a runed translucent gate.
 15226 | D:10     | Found a runed translucent gate.
 15226 | D:10     | Noticed t4s4d4r's ghost (journeyman MfGl)
 15401 | D:11     | Noticed an eight-headed hydra
 15651 | D:11     | Found a staircase to the Lair.
 15848 | D:11     | You are sucked into a shaft and drop 1 floor!
 15857 | D:12     | Noticed a deep elf pyromancer
 15859 | D:12     | Killed a deep elf pyromancer
 16196 | D:12     | Found a staircase to the Orcish Mines.
 16199 | D:12     | Reached **** piety under Makhleb
 16260 | Orc:1    | Entered Level 1 of the Orcish Mines
 16309 | Orc:1    | Reached skill level 1 in Armour
 16317 | Orc:1    | Found Siavei's Jewellery Boutique.
 16524 | Orc:1    | Found a dark tunnel.
 16540 | Volcano  | Entered a volcano
 16714 | Volcano  | Reached XP level 12. HP: 68/81 MP: 0/0
 16754 | Volcano  | Reached ***** piety under Makhleb
 17232 | Volcano  | Noticed a stone giant
 17237 | Volcano  | Killed a stone giant
 17753 | Orc:1    | Noticed a two-headed ogre
 17824 | Orc:2    | Entered Level 2 of the Orcish Mines
 17847 | Orc:2    | Found a staircase to the Elven Halls.
 18302 | Orc:2    | Found Tiybluh's Distillery.
 18332 | Orc:2    | Found Cyimoafru's Distillery.
 18495 | Orc:2    | Noticed a sun demon
 18906 | Orc:2    | Reached ****** piety under Makhleb
 19165 | Orc:2    | Killed a sun demon
 19197 | Orc:2    | Reached XP level 13. HP: 89/89 MP: 0/0
 19197 | Orc:2    | Learned a level 5 spell: Yara's Violent Unravelling
 19243 | Orc:2    | HP: 4/89 [soul eater/drain life[an orc high priest] (6)]
 19792 | Orc:2    | Reached skill level 12 in Spellcasting
 19928 | Orc:2    | Reached skill level 5 in Invocations
 19957 | Orc:2    | Found Qodgheant's Jewellery Shop.
 19957 | Orc:2    | Found Luyvong's Antique Weapon Boutique.
 19958 | Orc:2    | Found a one-way gate leading to the halls of Pandemonium.
 20700 | Orc:1    | Found a transporter.
 20703 | Orc:1    | Found a transporter.
 20706 | Orc:1    | Noticed an orc warlord
 20742 | Orc:1    | Reached skill level 5 in Armour
 21069 | Orc:1    | Killed an orc warlord
 21168 | Orc:1    | Bought the ring of Zibedev {rElec rN+ Will+ Str+2} for 613
                  | gold pieces
 21523 | D:12     | Found a portal to a secret trove of treasure.
 21681 | Orc:2    | Bought a potion of invisibility for 104 gold pieces
 21681 | Orc:2    | Bought a potion of curing for 39 gold pieces
 21681 | Orc:2    | Bought a potion of curing for 39 gold pieces
 21683 | Orc:2    | Bought a potion of curing for 45 gold pieces
 21683 | Orc:2    | Bought a potion of curing for 45 gold pieces
 21955 | D:12     | Reached XP level 14. HP: 97/97 MP: 0/0
 22361 | D:11     | Found a runed translucent gate.
 22364 | D:11     | Found a runed translucent gate.
 22365 | D:11     | Found a runed translucent gate.
 22367 | D:11     | Noticed alindkvist118's ghost (journeyman OpVM)
 22383 | D:11     | Killed alindkvist118's ghost
 23057 | Lair:1   | Entered Level 1 of the Lair of Beasts
 23077 | Lair:1   | Gained mutation: You tend to lose your temper in combat.
                  | [you]
 23096 | Lair:1   | Reached skill level 10 in Shields
 24083 | Lair:2   | Noticed Harold
 24087 | Lair:1   | Killed Harold
 24159 | Lair:2   | Reached skill level 13 in Spellcasting
 24160 | Lair:2   | Found a frozen archway.
 24188 | IceCv    | Entered an ice cave
 24609 | IceCv    | Found the macabre finger necklace {rN+}
 25324 | Lair:2   | Found a runed translucent gate.
 25324 | Lair:2   | Found a runed translucent gate.
 25324 | Lair:2   | Found a runed translucent gate.
 25327 | Lair:2   | Noticed adept's ghost (journeyman DjCj)
 25327 | Lair:2   | Noticed a quicksilver ooze
 25330 | Lair:2   | Found a viscous altar of Jiyva.
 25559 | Lair:2   | Reached skill level 10 in Dodging
 26360 | D:12     | You paid a toll of 18 potions of curing to enter a treasure
                  | trove
 26361 | Trove    | Entered a treasure trove
 26371 | Trove    | Identified the ring of the Slug {rC+ Int+6 Dex-4 Slay+3}
 26376 | Trove    | Identified the amulet "Imnukany" {Regen+ Dex+4}
 26378 | Trove    | Identified the amulet of the Prince {Faith Dex+2}
 26382 | Trove    | Identified the ring "Arphodo" {+Inv rN+ MP+9}
 26386 | Trove    | Identified the amulet of Coero {Spirit rF+}
 26388 | Trove    | Identified the ring of Honesty {+Inv rCorr Str+2 SInv}
 26396 | Trove    | Identified the ring "Yxtam" {rN+ Str+6}
 26406 | Trove    | Identified the amulet of Amnoaw {rElec rF+ Regen+}
 26758 | D:7      | Killed semitonal's ghost
 26876 | D:10     | Killed t4s4d4r's ghost
 26881 | D:10     | Reached XP level 15. HP: 87/105 MP: 0/0
 26881 | D:10     | Learned a level 6 spell: Hydra Form
 27444 | Lair:3   | Found a staircase to the Shoals.
 27738 | Lair:4   | Identified the ring of Zyozu {rCorr Str+4 Int+4 Dex-3
                  | Slay+6}
 27749 | Lair:4   | Found a staircase to the Snake Pit.
 29835 | Lair:6   | Entered Level 6 of the Lair of Beasts
 29842 | Lair:6   | Reached skill level 14 in Spellcasting
 29908 | Lair:6   | Found a viscous altar of Jiyva.
 29908 | Lair:6   | Found a staircase to the Slime Pits.
 30079 | Lair:6   | Reached XP level 16. HP: 113/113 MP: 0/0
 30197 | Lair:6   | Reached skill level 10 in Fighting
 30476 | Lair:6   | Found a runed translucent door.
 30512 | Lair:6   | Reached skill level 10 in Long Blades
 31237 | D:13     | Identified a scroll of acquirement
 31237 | D:13     | Acquired a +1 double sword of holy wrath
 31448 | D:13     | Reached XP level 17. HP: 119/119 MP: 0/0
 31448 | D:13     | Learned a level 6 spell: Conjure Ball Lightning
 31859 | D:13     | Found a gate to the Vaults.
 32220 | D:14     | Found a transporter.
 32230 | D:14     | Noticed an Executioner
 32238 | D:14     | Found a transporter.
 32241 | D:14     | Found a one-way gate to the infinite horrors of the Abyss.
 32241 | D:14     | Noticed nago's ghost (journeyman DjIE)
 32241 | D:14     | Identified the +1 dire flail of Cobwebs {distort, +Blink
                  | rElec rPois rC-}
 32785 | D:15     | Entered Level 15 of the Dungeon
 32948 | D:15     | Shot with a bolt by a yaktaur captain

Illustrated notes

Levels and vault maps discovered:
D:1:      lightli_arrival_chessboard, layout_basic
D:2:      layout_rooms
D:3:      layout_rooms, old_standard_altar, lemuel_doored_altar,
          gammafunk_ghost_nasty_kobolds
D:4:      layout_loops_ring, nicolae_overflow_crystal_walls,
          corexii_leaking_fountain, uniq_robin, uniq_crazy_yiuf_cottage,
          uniq_grinder, uniq_eustachio
D:5:      layout_rooms, nicolae_ashenzari_skybound
D:6:      layout_layer_cave, chequers_temple_overflow_statue_of_worship,
          minmay_temple_entry_purple_smoke
D:7:      layout_basic, hellmonk_ghost_happy_afterlife, serial_shops,
          nicolae_shop_competitors_out_of_business, minmay_mini_ossuary
D:8:      layout_gridville, minmay_guarded_unrand_staff_of_olgreb, uniq_pikel,
          uniq_psyche, uniq_maggie
D:9:      layout_loops_cross, serial_shops, shop_statue
D:10:     layout_rooms, biasface_ghost_orc_armoury, uniq_fannar
D:11:     layout_cave_pods, lair_entry_dummy, gammafunk_ghost_spectres
D:12:     layout_long_grid, david_orc_5, nicolae_trove_entry_crossroad
D:13:     layout_big_octagon, david_vaults_4
D:14:     layout_small_grid, gammafunk_ghost_abyssal_escape,
          nicolae_benzene_ring
D:15:     hangedman_depths_entry_civil_slaughter, layout_basic,
          serial_park_avenue1, minmay_crystal_room
Temple:   eino_temple_rhombus
Lair:1:   layout_hall_layers
Lair:2:   layout_roguey, portal_ice_cave_entry_imps, gammafunk_ghost_endoplasm,
          pond, uniq_harold
Lair:3:   layout_big_grid, minmay_shoals_entry_lonely_mermaid,
          beast_lair_carwin_9
Lair:4:   layout_regular_city, guppyfry_snake_entry_island,
          minmay_lair_oklob_items, beast_lair_carwin_8
Lair:5:   layout_layer_cave, special_room [special_room_mythical_zoo],
          minivault_11, serial_bayou_shore_b, lemuel_fruit_fields
Lair:6:   wormcave, layout_cave_pods, slime_altar_1,
          chequers_serial_rivers_micro_c, serial_bayou_pond_b
Orc:1:    gammafunk_beogh_shrine, layout_diamond_mine,
          nicolae_volcano_entry_batcave, serial_shops, shop,
          nicolae_orc_lava_tube
Orc:2:    pf_orc_diabolical, layout_diamond_mine, basic_altar

Skill      XL: |  1  2  3  4  5  6  7  8  9 10 11 12 13 14 15 16 17 |
---------------+----------------------------------------------------+-----
Spellcasting   | 3 4 5 6 7 8 9 11 12 13 14 | 14.8
Fighting       | 1 2 4 5 6 7 9 10 | 10.7
Dodging        | 3 4 5 6 7 8 10 11 | 11.7
Invocations    | 1 2 4 5 6 7 |  7.9
Long Blades    | 3 5 7 8 9 11 12 | 12.0
Shields        | 2 7 8 9 10 11 12 | 12.0
Armour         | 1 3 5 6 |  6.0
Stealth        | |  1.5

Action                   |  1- 3 |  4- 6 |  7- 9 | 10-12 | 13-15 | 16-18 || total
-------------------------+-------+-------+-------+-------+-------+-------++-------
Melee: Dagger            |     3 |       |       |       |       |       ||     3
       Short sword       |       |    20 |     1 |       |       |       ||    21
       Hand axe          |       |       |   107 |       |       |       ||   107
       Quarterstaff      |       |       |    20 |       |       |       ||    20
       Long sword        |       |       |    18 |   157 |   249 |    43 ||   467
       Unarmed           |       |       |       |       |    22 |       ||    22
       Double sword      |       |       |       |       |       |    20 ||    20
 Fire: Hunting sling     |       |       |    21 |       |       |       ||    21
       Hand crossbow     |       |       |       |     3 |       |       ||     3
 Cast: Sting             |    19 |    10 |    18 |    22 |    79 |     8 ||   156
       Poisonous Vapours |    29 |    58 |    20 |    17 |    27 |    17 ||   168
       Olgreb's Toxic Ra |       |     7 |    22 |    73 |   128 |    55 ||   285
       Ignite Poison     |       |     6 |    17 |    55 |   109 |    47 ||   234
       Slow              |       |       |    40 |    16 |    37 |     4 ||    97
       Vampiric Draining |       |       |     3 |       |       |       ||     3
       Irradiate         |       |       |       |     4 |    38 |     6 ||    48
       Yara's Violent Un |       |       |       |       |    10 |       ||    10
       Hydra Form        |       |       |       |       |     3 |       ||     3
       Mephitic Cloud    |       |       |       |       |     2 |       ||     2
       Conjure Ball Ligh |       |       |       |       |       |    22 ||    22
Invok: Lesser Servant of |       |       |       |       |     2 |       ||     2
       Minor Destruction |       |       |       |       |     1 |       ||     1
       Major Destruction |       |       |       |       |     1 |       ||     1
Evoke: Wand              |       |       |       |     1 |       |       ||     1
  Use: Scroll            |       |    10 |     1 |    11 |     9 |     9 ||    40
       Potion            |       |       |       |       |     1 |     1 ||     2
 Stab: Sleeping          |       |     1 |     1 |       |       |       ||     2
       Petrified         |       |       |     4 |       |       |       ||     4
       Paralysed         |       |       |     4 |       |       |       ||     4
       Petrifying        |       |       |     1 |       |       |       ||     1
       Distracted        |       |       |       |       |       |     1 ||     1
Armor: Robe              |     2 |     5 |    23 |       |    17 |       ||    47
       Acid dragon scale |       |       |     1 |    78 |    67 |    34 ||   180
       Skin              |       |       |       |       |    14 |       ||    14
Dodge: Dodged            |     7 |    31 |   131 |   164 |   247 |    73 ||   653
Block: Kite shield       |       |       |     5 |   212 |   304 |   105 ||   626
       Rpst.: Long sword |       |       |     8 |    39 |    65 |     9 ||   121
       Double sword      |       |       |       |       |       |     5 ||     5

Table legend: (Time is in decaauts)
 A = Elapsed time spent in this place.
 B = Non-inter-level travel time spent in this place.
 C = Inter-level travel time spent in this place.
 D = Time resting spent in this place.
 E = Time spent auto-exploring this place.
 F = Levels seen in this place.
 G = Mean time per level.
                   A        B        C        D        E       F      G
               +--------+--------+--------+--------+--------+-----+--------+
         Total |  33132 |  30240 |   2892 |   1825 |  21854 |  27 | 1227.1 |
       Dungeon |  20670 |  19064 |   1606 |   1278 |  14159 |  15 | 1378.0 |
        Temple |     34 |     25 |      9 |      0 |     17 |   1 |   34.0 |
          Lair |   6418 |   5833 |    585 |    106 |   4333 |   6 | 1069.7 |
  Orcish Mines |   4429 |   3737 |    692 |    375 |   2386 |   2 | 2214.5 |
         Trove |     68 |     68 |      0 |      0 |      0 |   1 |   68.0 |
      Ice Cave |    741 |    741 |      0 |     60 |    428 |   1 |  741.0 |
       Volcano |    769 |    769 |      0 |      6 |    531 |   1 |  769.0 |
               +--------+--------+--------+--------+--------+-----+--------+

Top non-repeatable levels by time:
     D:4: 2888 daAuts
     D:3: 2552 daAuts
   Orc:2: 2455 daAuts
     D:2: 2237 daAuts
   Orc:1: 1973 daAuts
     D:8: 1679 daAuts
     D:6: 1588 daAuts
    D:12: 1459 daAuts
     D:1: 1362 daAuts
  Lair:2: 1242 daAuts
  Lair:4: 1220 daAuts
     D:7: 1215 daAuts
    D:11: 1153 daAuts
     D:9: 1141 daAuts
  Lair:6: 1117 daAuts
